 Dungeon Crawl Stone Soup version 0.31-a0-981-geadf994542 (webtiles) character file.

Game seed: 1504354087113630433

75 Gladio the Insei (level 3, -1/29 HPs)
             Began as a Demigod Shapeshifter on Nov 1, 2023.
             Succumbed to an adder's poison
             ... on level 2 of the Dungeon.
             The game lasted 00:01:23 (923 turns).

Gladio the Insei (Demigod Shapeshifter)              Turns: 923, Time: 00:01:23

Health: -1/29      AC:  2    Str: 19    XL:     3   Next: 88%
Magic:  5/5        EV: 12    Int: 12    God:
Gold:   46         SH:  0    Dex: 17    Spells: 2/2 levels left

rFire   + . .        j - +1 dagger (venom)
rCold   . . .        (no shield)
rNeg    . . .        a - +0 animal skin
rPois   .            (helmet currently unavailable)
rElec   .            (cloak currently unavailable)
rCorr   .            (gloves currently unavailable)
SInv    .            (boots currently unavailable)
Will    .....        (no amulet)
Stlth   ++           q - +6 ring of strength
HPRegen 0.24/turn    (no ring)
MPRegen 0.09/turn

%: no passive effects
@: mighty, lethally poisoned (-1 -> -9), beast-form, hasted, very quick
A: beast (slay +1), high MP 1, forlorn, divine attributes, fire resistance 1,
weak 1
a: Begin Untransformation


You were on level 2 of the Dungeon.
You were a hulking beast.
You visited 1 branch of the dungeon, and saw 2 of its levels.

You collected 46 gold pieces.

Inventory:

Hand Weapons
 j - a +1 dagger of venom (weapon)
Armour
 a - a +0 animal skin (worn)
 o - a +0 pair of boots
Jewellery
 q - a +6 ring of strength (left hand)
Talismans
 c - a beast talisman
 d - a flux talisman
Scrolls
 i - 2 scrolls of fear {unknown}
 k - 4 scrolls of identify {unknown}
 m - a scroll of immolation {unknown}
 p - a scroll of blinking {unknown}
Potions
 b - a potion of lignification
 e - a potion of cancellation {unknown}
 f - a potion of haste
 g - a potion of magic {unknown}
 h - a potion of might
 l - a potion of resistance {unknown}


   Skills:
 + Level 1.7 Fighting
 + Level 2.3 Dodging
 * Level 3.5 Unarmed Combat
 + Level 3.0 Shapeshifting


You had 2 spell levels left.
You didn't know any spells.
Your spell library was empty.

Dungeon Overview and Level Annotations

Branches:
Dungeon (2/15)


Innate Abilities, Weirdness & Mutations

You are a hulking beast.
Your limbs bulge with bestial killing power. (Slay +1)
You have an increased reservoir of magic. (+10% MP)
You shall have no god before yourself.
Your divine heritage dramatically boosts your attributes as you level up.
Your flesh is heat resistant. (rF+)
You are weak. (Str -2)


Message History

You feel sick.
You barely miss the adder.
You feel sick. The adder bites you. x2
You are lethally poisoned!
The adder poisons you!
You are too injured to fight recklessly!
You are too injured to fight recklessly!
You are too injured to fight recklessly!
You are too injured to fight recklessly!
You are too injured to fight recklessly!
You are too injured to fight recklessly!
You are too injured to fight recklessly!
You are too injured to fight recklessly!
You are too injured to fight recklessly!
You are too injured to fight recklessly!
You are too injured to fight recklessly!
You are too injured to fight recklessly!
You are too injured to fight recklessly!
You are too injured to fight recklessly!
You miss the adder.
* * * LOW HITPOINT WARNING * * *
You feel very sick. The adder bites you.
* * * LOW HITPOINT WARNING * * *
You are more poisoned.
The adder poisons you!
Unknown command.
It was a potion of mutation.
You feel extremely strange.
You feel weaker.
You feel resistant to heat.
* * * LOW HITPOINT WARNING * * *
You feel very sick. The adder barely misses you.
Unknown command.
It was a potion of might.
You feel very mighty all of a sudden.
* * * LOW HITPOINT WARNING * * *
You feel very sick. The adder barely misses you.
Unknown command.
It was a potion of haste.
You feel yourself speed up.
You die...

### ..# ##### #.# #...#
#.# #.#.# ### #.####.#.#
.. #####.#....#.# .
#.Sh..##.#.#.#
.......##..##.#.#.#
....... #.....#.#.#
..#.... #.#####.#.# #
#.... #)......#.# #....
#..###..#.# #### #####.
#....#..#.# #...
#...####.##.#..#.# #...
+...'..........#.####...


You could see an adder.

Vanquished Creatures
  A hound (D:2)
  2 adders (D:2)
  A worm (D:2)
  2 dart slugs
  2 bats (D:1)
  An endoplasm (D:1)
  2 giant cockroaches (D:1)
  A goblin (D:1)
  A hobgoblin (D:1)
  2 quokkas (D:1)
  2 ball pythons
  A frilled lizard (D:2)
  A kobold (D:1)
  2 rats (D:1)
21 creatures vanquished.

Notes
Turn   | Place    | Note
-------+----------+-------------------------------------------
     0 | D:1      | Gladio the Demigod Shapeshifter began the quest for the
                  | Orb.
     0 | D:1      | Reached XP level 1. HP: 15/15 MP: 3/3
    21 | D:1      | Reached skill level 1 in Fighting
   156 | D:1      | Reached XP level 2. HP: 23/23 MP: 4/4
   771 | D:2      | Reached XP level 3. HP: 19/28 MP: 5/5
   921 | D:2      | Gained mutation: You are weak. (Str -2) [potion of
                  | mutation]
   921 | D:2      | Gained mutation: Your flesh is heat resistant. (rF+)
                  | [potion of mutation]
   922 | D:2      | HP: 1/29 [poisoned by an adder]
   923 | D:2      | Succumbed to an adder's poison

Illustrated notes

Levels and vault maps discovered:
D:1:      sevenhm_arrival_forest_fort_small_6, layout_basic
D:2:      layout_basic

Skill      XL: |  1  2  3 |
---------------+----------+-----
Fighting       | 1 |  1.7
Dodging        | 2 |  2.3
Unarmed Combat | 3 |  3.5
Shapeshifting  | 3 |  3.0

Action                     || total
---------------------------++-------
  Melee: Unarmed           ||    26
         Dagger            ||    39
    Use: Potion            ||     3
   Stab: Sleeping          ||     2
 Armour: Animal skin       ||    34
  Dodge: Dodged            ||    30

Table legend: (Time is in decaauts)
 A = Elapsed time spent in this place.
 B = Non-inter-level travel time spent in this place.
 C = Inter-level travel time spent in this place.
 D = Time resting spent in this place.
 E = Time spent auto-exploring this place.
 F = Levels seen in this place.
 G = Mean time per level.
                   A        B        C        D        E       F      G
               +--------+--------+--------+--------+--------+-----+--------+
         Total |    920 |    884 |     36 |      0 |    735 |   2 |  460.0 |
       Dungeon |    920 |    884 |     36 |      0 |    735 |   2 |  460.0 |
               +--------+--------+--------+--------+--------+-----+--------+

Top non-repeatable levels by time:
     D:1: 695 daAuts
     D:2: 224 daAuts
